 Dungeon Crawl Stone Soup version 0.29.0-4-gdea44cf6ec (webtiles) character file.

Game seed: 4907087437445305620

117 qw the Chopper (level 5, -2/30 HPs)
             Began as a Tengu Warper on Aug 28, 2022.
             Killed by divine providence
             ... invoked by an orc priest
              (9 damage)
             ... on level 4 of the Dungeon.
             The game lasted 00:00:15 (3036 turns).

qw the Chopper (Tengu Warper)                       Turns: 3036, Time: 00:00:16

Health: -2/30      AC:  6    Str: 13    XL:     5   Next: 1%
Magic:  0/9        EV: 11    Int: 13    God:
Gold:   195        SH:  0    Dex: 20    Spells: 8/8 levels left

rFire   . . .      SeeInvis .   Y - +0 hand axe
rCold   . . .      Faith    .   (no shield)
rNeg    . . .      Spirit   +   g - +0 scale mail
rPois   .          Reflect  .   (helmet restricted)
rElec   .          Harm     .   (no cloak)
rCorr   .          Rampage  .   (no gloves)
Will    +....                   (boots unavailable)
Stlth   ..........              b - amulet of guardian spirit
HPRegen 0.10/turn               a - ring of willpower
MPRegen 0.11/turn               i - +6 ring of dexterity

@: flying quickly and evasively, quick
A: beak, talons 3, nimble flight
a: no special abilities


You were on level 4 of the Dungeon.
You visited 1 branch of the dungeon, and saw 4 of its levels.

You collected 195 gold pieces.


Innate Abilities, Weirdness & Mutations

You have a beak for a mouth.
You have claws for feet.
Your magical nature lets you fly swiftly and evasively.


   Skills:
 - Level 2.0 Fighting
 + Level 5.5 Axes
 - Level 1.0 Throwing
 - Level 1.1 Armour
 - Level 2.1 Dodging
 - Level 2.0 Spellcasting
 - Level 2.4 Translocations


You had 8 spell levels left.
You didn't know any spells.
Your spell library contained the following spells:

 Spells                   Type           Power      Damage    Failure   Level
 Blink                    Tloc           14%        N/A       56%         2
 Gell's Gravitas          Tloc           7%         N/A       80%         3
 Lesser Beckoning         Tloc           7%         N/A       80%         3
 Teleport Other           Tloc           7%         N/A       80%         3
 Manifold Assault         Tloc           7%         N/A       100%        5

Inventory:

Hand Weapons
 d - a +0 mace
 Y - a +0 hand axe (weapon)
Missiles
 l - 3 boomerangs (quivered)
Armour
 g - a +0 scale mail (worn)
Jewellery
 a - a ring of willpower (left hand)
 b - an amulet of guardian spirit (around neck)
 i - a +6 ring of dexterity (right hand)
Scrolls
 c - a scroll of teleportation
 h - a scroll of butterflies {unknown}
 j - a scroll of identify
Potions
 e - a potion of curing
 f - a potion of brilliance {unknown}
 k - a potion of heal wounds {unknown}

Dungeon Overview and Level Annotations

Branches:
Dungeon (4/15)
 Temple: D:4-7

Altars:
Uskayaw


Message History

The gnoll closely misses you.
You hit the gnoll but do no damage. Your peck misses the gnoll.
The gnoll is lightly wounded.
You hit the gnoll but do no damage. Your kick misses the gnoll.
You peck the gnoll.
The gnoll is moderately wounded.
The gnoll hits you from afar with a +0 halberd.
You hit the gnoll. You claw the gnoll, but do no damage.
You peck the gnoll, but do no damage.
The gnoll is moderately wounded.
You closely miss the gnoll.
An orc comes into view. It is wielding a +0 hand axe.
The gnoll barely misses you. x2
You hit the gnoll. You claw the gnoll.
You kill the gnoll!
You closely miss the gnoll.
The gnoll hits you from afar with a +0 halberd.
The gnoll hits you with a +0 flail.
You have reached level 5!
Your magical nature develops, letting you fly swiftly and evasively.
You hit the gnoll. Your kick misses the gnoll. You peck the gnoll.
The gnoll is heavily wounded.
The gnoll closely misses you. The gnoll barely misses you.
You hit the gnoll. You peck the gnoll.
The gnoll is almost dead.
The gnoll barely misses you. The gnoll closely misses you.
An orc priest comes into view. It is wielding a +0 dagger.
The orc priest shouts!
You hit the gnoll but do no damage.
The gnoll is almost dead.
You barely miss the orc. The gnoll closely misses you.
The orc hits you with a +0 dagger. The gnoll closely misses you.
You completely miss the gnoll.
The gnoll is almost dead.
You hit the orc.
The gnoll hits you from afar with a +0 halberd.
The orc priest invokes the aid of Beogh against you.
Beogh smites you!
You die...

########.##.######...
.........##.# ####
#######..##.# .######
#..##.#
.......###..##.#
#...........#
#.#..##.##### #..##.#
#)@##.# #go##.#
...g##.# ..#...o...
## ..#...## #.####.
#. o #. .#


You could see an orc priest, 2 gnolls and 2 orcs.

Vanquished Creatures
  2 gnolls
  3 adders
  A worm (D:3)
  3 dart slugs
  An orc (D:3)
  8 ball pythons
  11 endoplasms
  5 giant cockroaches
  3 hobgoblins
  A quokka (D:3)
  3 bats
  2 frilled lizards
  8 goblins
  5 kobolds
  2 rats
58 creatures vanquished.

Notes
Turn   | Place    | Note
-------+----------+-------------------------------------------
     0 | D:1      | qw the Tengu Warper began the quest for the Orb.
     0 | D:1      | Reached XP level 1. HP: 12/12 MP: 4/4
     0 | D:1      | 0 ||| qw: Version: 0.1-a-89-g26bdef1
     0 | D:1      | 0 ||| qw: Game counter: 2802
     0 | D:1      | 0 ||| qw: Always use a shield: true
     0 | D:1      | 0 ||| qw: God list: Okawaru
     0 | D:1      | 0 ||| qw: Allow faded altars: false
     0 | D:1      | 0 ||| qw: Do Orc after D:15 true
     0 | D:1      | 0 ||| qw: Do second Lair branch before Depths: true
     0 | D:1      | 0 ||| qw: Lair rune preference: random
     0 | D:1      | 0 ||| qw: Plans: Normal
     0 | D:1      | 0 ||| PLANNING D:1-11
    40 | D:1      | 40 ||| Stepping ~*~*~tactically~*~*~ (stealth).
   270 | D:1      | Reached skill level 3 in Axes
   270 | D:1      | Reached XP level 2. HP: 16/17 MP: 6/6
   549 | D:1      | 549 ||| DROPPING +0 club.
   569 | D:1      | 569 ||| Stepping ~*~*~tactically~*~*~ (stealth).
   664 | D:1      | 664 ||| Stepping ~*~*~tactically~*~*~ (stealth).
   696 | D:1      | 696 ||| Stepping ~*~*~tactically~*~*~ (stealth).
   697 | D:1      | 697 ||| Stepping ~*~*~tactically~*~*~ (stealth).
   698 | D:1      | 698 ||| Stepping ~*~*~tactically~*~*~ (stealth).
   703 | D:1      | Reached XP level 3. HP: 21/21 MP: 7/7
  1041 | D:1      | Reached skill level 4 in Axes
  1185 | D:1      | 1185 ||| DROPPING scarf of shadows.
  1186 | D:1      | 1186 ||| UPGRADING to +0 scale mail.
  1196 | D:1      | 1196 ||| DROPPING +0 leather armour.
  1197 | D:1      | 1197 ||| DROPPING scroll of blinking.
  1419 | D:2      | 1419 ||| FLEEEEING.
  1420 | D:2      | 1420 ||| FLEEEEING.
  1421 | D:2      | 1421 ||| FLEEEEING.
  1423 | D:2      | 1423 ||| FLEEEEING.
  1424 | D:2      | 1424 ||| FLEEEEING.
  1425 | D:2      | 1425 ||| FLEEEEING.
  1426 | D:2      | 1426 ||| FLEEEEING.
  1427 | D:2      | 1427 ||| FLEEEEING.
  1439 | D:2      | 1439 ||| FLEEEEING.
  1440 | D:2      | 1440 ||| FLEEEEING.
  1444 | D:2      | 1444 ||| STAIRDANCE
  1474 | D:1      | 1474 ||| UPGRADING to amulet of guardian spirit.
  1479 | D:1      | 1479 ||| READING scroll labelled SAEB NULIH.
  1507 | D:2      | 1507 ||| Stepping ~*~*~tactically~*~*~ (stealth).
  1508 | D:2      | 1508 ||| Stepping ~*~*~tactically~*~*~ (stealth).
  1604 | D:2      | Reached XP level 4. HP: 26/26 MP: 8/8
  1839 | D:2      | Found a faded altar of an unknown god.
  2065 | D:2      | 2065 ||| UPGRADING to ring of willpower.
  2066 | D:2      | 2066 ||| READING scroll labelled NIQEWNEFUU.
  2067 | D:2      | 2067 ||| DRINKING 2 inky potions.
  2195 | D:3      | Reached skill level 5 in Axes
  2392 | D:3      | 2392 ||| Stepping ~*~*~tactically~*~*~ (stealth).
  2397 | D:3      | 2397 ||| Stepping ~*~*~tactically~*~*~ (hiding).
  2813 | D:3      | Found a hide-covered altar of Uskayaw.
  2880 | D:3      | 2880 ||| UPGRADING to +6 ring of dexterity.
  2881 | D:3      | 2881 ||| READING 2 scrolls labelled MEWUFO GOTENGUGAEM.
  2884 | D:3      | 2884 ||| READING scroll labelled XUAL KAFOUST.
  2885 | D:3      | 2885 ||| READING 2 scrolls labelled OXTOIG MULAL.
  3033 | D:4      | Gained mutation: Your magical nature lets you fly swiftly
                  | and evasively. [Tengu growth]
  3033 | D:4      | Reached XP level 5. HP: 13/30 MP: 1/9
  3036 | D:4      | HP: 7/30 [gnoll/+0 halberd (5)]
  3036 | D:4      | Killed from afar by an orc priest

Levels and vault maps discovered:
D:1:      minmay_arrival_loop, layout_basic, minmay_cupped
D:2:      layout_loops_ring, hellmonk_ecumenical_altar_heavens_door
D:3:      layout_basic, lemuel_crystal_altar
D:4:      cheibrodos_thug_alley, layout_loops_ring,
          nicolae_overflow_hallway_of_the_gods

Skill      XL: |  1  2  3  4 |
---------------+-------------+-----
Axes           | 3 4 5 |  5.5
Fighting       | |  2.0
Throwing       | |  1.0
Armour         | |  1.1
Dodging        | |  2.1
Spellcasting   | |  2.0
Translocations | |  2.4

Action                   |  1- 3 |  4- 6 || total
-------------------------+-------+-------++-------
Melee: Hand axe          |    62 |    55 ||   117
       Peck              |    11 |    13 ||    24
       Kick              |    16 |    13 ||    29
Throw: Boomerang         |     7 |     2 ||     9
  Use: Scroll            |     1 |     4 ||     5
       Potion            |       |     1 ||     1
Armor: Leather armour    |     9 |       ||     9
       Scale mail        |     2 |    15 ||    17
Dodge: Dodged            |    26 |    27 ||    53

Table legend:
 A = Non-vault XP
 B = Vault XP
 C = Vault XP percentage of total XP
 D = Non-vault monster count
 E = Vault monster count
 F = Vault count percentage of total count
                 A         B        C        D         E       F
            +---------+---------+-------+---------+---------+-------
      Total |     161 |       7 |   4.2 |      55 |       3 |   5.2
            +---------+---------+-------+---------+---------+-------
        D:1 |      47 |       7 |  13.0 |      21 |       3 |  12.5
        D:2 |      53 |       0 |   0.0 |      17 |       0 |   0.0
        D:3 |      46 |       0 |   0.0 |      15 |       0 |   0.0
        D:4 |      15 |       0 |   0.0 |       2 |       0 |   0.0
            +---------+---------+-------+---------+---------+-------
